AoeStats
← OrcoDues

Lombardia

510159287Analyzed
4v4 RM · 1d ago on Sep 29, 2026· 15m 11s· 8 players
Game mode
Random Map
Map size
Large (8 player)
Population
200
Speed
Normal
Resources
Standard
Victory
Conquest
Starting age
Dark Age
Ending age
Imperial Age
RankedLock teamsTeams togetherTeam positionsShared explorationLock speedFull tech treeHidden civsTurbo modeCheats
Victory
Defeat
🇨🇭 Malay · Switzerland
1191
+13
🇮🇹 Turks · Italy
1173
+14
🇮🇹 Mongols · Italy
1159
+15
🇮🇹 Malians · Italy
1142
+15
🇧🇪 Gurjaras · Belgium
1186
-17
🇩🇪 Italians · Germany
1132
-14
🇪🇸 Spanish · Spain
1120
-14
🇨🇳 Mongols · China
1074
-12
xXTOUROXx
0:43 Loom
13:00 Feudal Age
9630791
oDiN_ZeLot
11:39 Feudal Age
10:43 Loom
jopsop
5:41 Loom
10:48 Feudal Age
11:22 Double-Bit Axe
12:03 Horse Collar
Aztecus
10:43 Feudal Age
11:55 Double-Bit Axe
13:48 Bloodlines
OrcoDues
8:32 Loom
10:42 Feudal Age
16:02 Castle Age
14:51 Stone Mining
15:15 Gold Mining
15:09 Horse Collar
$P4D1N0
12:15 Feudal Age
17:18 Castle Age
Mr. Magnolia
9:47 Feudal Age
10:51 Double-Bit Axe
14:24 Scale Barding Armor
Connection lost

Rejoining the realm…

Still unreachable

The connection could not be restored.

Session expired

The server has moved on; the page needs a fresh start.